Map: Deathaura LE

Players

RazerBlader

  • Race: Terran Terran
  • League: Master
  • Spawn Location: 11:00

Demi - Winner!

  • Race: Zerg Zerg
  • League: Master
  • Spawn Location: 5:00

Event: DreamHack SC2 Masters 2020 Winter

VOD

Have the link to the VOD?

Description

Time

  • Played on: Oct. 17, 2020, 2:19 a.m.
  • Length: 15:50

All games in this series

Show
View Real Time Build Order
Export as new Build Order

RazerBlader Terran 

Build Orders: Liberator Opening, Reaper Expand 

Get SALT Encoding   

  12  0:00  SCV  
  13  0:12  SCV  
  14  0:17  Supply Depot  
  14  0:24  SCV  
  15  0:38  SCV  
  15  0:39  Barracks  
  16  0:43  Refinery  
  16  0:50  SCV  
  17  1:02  SCV  
  18  1:15  SCV  
  19  1:27  Reaper, Orbital Command  
  20  1:40  Command Center  
  20  1:48  Supply Depot  
  20  1:53  SCV  
  21  1:59  Marine  
  22  2:05  SCV  
  23  2:11  Factory  
  23  2:17  SCV  
  23  2:22  Barracks Reactor  
  25  2:30  SCV  
  25  2:40  Command Center  
  25  2:42  SCV  
  26  2:56  SCV, Orbital Command  
  27  2:59  Refinery  
  27  3:09  SCV  
  27  3:10  Starport  
  28  3:15  Hellion  
  28  3:17  Hellion  
  32  3:21  SCV, Marine  
  32  3:23  SCV  
  35  3:33  SCV  
  36  3:36  SCV  
  36  3:38  Hellion x2  
  41  3:46  SCV  
  41  3:48  SCV  
  43  3:49  Barracks Tech Lab, Liberator  
  43  3:55  Orbital Command  
  46  3:58  SCV  
  46  4:00  SCV  
  48  4:04  Hellion x2  
  52  4:10  SCV, Stimpack  
  52  4:12  SCV, Marine  
  55  4:17  Supply Depot  
  55  4:22  SCV  
  55  4:23  SCV  
  57  4:24  SCV  
  57  4:27  Hellion  
  57  4:29  Supply Depot  
  60  4:38  SCV  
  61  4:39  SCV x2, Marine  
  61  4:40  Starport Reactor  
  61  4:43  Barracks  
  66  4:50  SCV  
  65  4:53  Barracks  
  65  4:54  Orbital Command  
  65  4:56  Engineering Bay  
  65  4:57  Engineering Bay  
  65  4:58  Factory Reactor  
  65  4:59  SCV  
  66  5:04  Supply Depot x2  
  66  5:10  SCV  
  66  5:11  SCV  
  66  5:13  Marine  
  66  5:14  Refinery x2  
  69  5:22  SCV  
  69  5:24  SCV, Terran Infantry Weapons Level 1  
  69  5:25  Terran Infantry Armor Level 1  
  69  5:26  SCV  
  72  5:33  Starport Reactor  
  72  5:34  SCV  
  74  5:35  Widow Mine  
  74  5:36  Widow Mine  
  74  5:38  Barracks  
  74  5:41  SCV, Marine x2  
  74  5:42  SCV, Barracks  
  78  5:44  Marine  
  78  5:46  Supply Depot, Marine  
  78  5:47  SCV  
  81  5:53  SCV, Supply Depot  
  81  5:55  SCV  
  81  5:56  Marine  
  84  5:58  Combat Shield, Marine  
  84  6:00  Widow Mine  
  84  6:01  Widow Mine, Marine  
  90  6:08  Supply Depot  
  90  6:10  Armory, Medivac  
  92  6:12  Marine x2  
  92  6:13  SCV  
  92  6:16  Refinery  
  92  6:17  Medivac, Marine  
  98  6:20  SCV  
  98  6:21  SCV  
  98  6:25  SCV  
  101  6:29  Supply Depot  
  101  6:31  Supply Depot  
  101  6:32  SCV  
  102  6:33  SCV  
  102  6:34  Barracks Reactor x2, Marine  
  102  6:37  SCV  
  102  6:38  Widow Mine  
  102  6:39  Widow Mine  
  109  6:44  SCV  
  109  6:46  SCV  
  111  6:49  SCV  
  111  6:51  Missile Turret  
  111  6:54  Missile Turret  
  112  6:55  Missile Turret x2  
  112  6:56  SCV  
  112  6:57  Marine  
  112  6:58  SCV  
  112  7:01  Missile Turret  
  115  7:02  Marine x3  
  115  7:04  Supply Depot  
  115  7:06  Medivac x2  
  122  7:09  Widow Mine  
  122  7:10  Widow Mine  
  122  7:14  Marine x2  
  130  7:17  Marine  
  130  7:18  Marine, Factory  
  130  7:25  Marine x5  
  131  7:32  Marine x2  
  131  7:35  Marine x2  
  118  7:37  Widow Mine  
  118  7:40  Widow Mine  
  118  7:42  Marine  
  118  7:43  Marine x4  
  98  7:54  SCV  
  98  7:55  Marine x3  
  102  7:58  Factory  
  102  7:59  Marine  
  102  8:00  SCV  
  102  8:01  SCV  
  105  8:09  SCV  
  110  8:13  Widow Mine x2, Marine x3  
  110  8:14  SCV  
  114  8:20  Marine x3  
  114  8:21  Marine  
  114  8:25  Marine  
  119  8:28  Marine  
  119  8:30  SCV  
  119  8:32  Marine x3  
  124  8:34  Supply Depot  
  124  8:37  Marine  
  124  8:38  Marine  
  122  8:47  Widow Mine x2, Marine x4, Factory Tech Lab  
  130  8:48  Terran Infantry Armor Level 2, Terran Infantry Weapons Level 2  
  130  8:50  SCV, Terran Vehicle And Ship Armor Level 1, Marine x2  
  130  8:52  Medivac x2  
  137  8:56  Bunker  
  137  8:59  SCV  
  137  9:00  SCV  
  137  9:01  Marine x3  
  137  9:02  SCV  
  139  9:05  Marine x3  
  139  9:09  Drilling Claws  
  142  9:10  Thor  
  142  9:15  Marine  
  142  9:16  Sensor Tower  
  149  9:20  Supply Depot  
  149  9:21  Marine x3  
  149  9:23  Marine  
  153  9:37  Marine x5  
  143  9:39  Marine  
  143  9:41  Marine x2, Widow Mine  
  143  9:42  Widow Mine, Marine  
  151  9:46  Medivac x2  
  151  9:49  Command Center  
  155  9:55  Marine x5  
  155  9:57  Marine  
  161  10:02  Thor  
  161  10:03  Marine  
  170  10:12  Marine x2  
  170  10:13  Marine  
  173  10:16  Marine x2  
  173  10:26  Barracks  
  173  10:28  Barracks  
  168  10:29  Barracks  
  168  10:31  Widow Mine x2  
  168  10:32  Supply Depot  
  170  10:38  Marine x3  
  170  10:39  Marine x4  
  177  10:53  Thor  
  177  10:54  Widow Mine x2  
  177  10:55  Marine x2  
  189  10:59  Terran Vehicle And Ship Armor Level 2  
  189  11:01  Marine x2  
  189  11:03  Marine x2  
  193  11:11  Marine x3  
  193  11:12  Marine  
  193  11:13  Marauder  
  193  11:17  Barracks Tech Lab x3  
  197  11:24  Missile Turret  
  197  11:27  Missile Turret  
  197  11:35  Marauder  
  197  11:36  Planetary Fortress  
  197  11:38  Terran Infantry Weapons Level 3  
  199  11:40  Marine  
  199  11:44  Refinery  
  199  11:46  Refinery  
  189  11:54  Marine  
  188  11:56  Marauder  
  188  11:59  Marine  
  188  12:00  Marine x2  
  188  12:05  Marine  
  188  12:06  Marine x4  
  188  12:07  Marine  
  188  12:08  Marine  
  188  12:09  Supply Depot  
  188  12:10  Supply Depot  
  188  12:11  Command Center  
  188  12:12  Supply Depot  
  188  12:30  Marine x6  
  188  12:31  Marauder, Marine x2  
  188  12:32  Marauder  
  188  12:35  Bunker  
  188  12:36  Supply Depot, Sensor Tower  
  200  12:53  Terran Infantry Armor Level 3  
  200  12:54  Ghost Academy  
  200  13:07  Command Center  
  200  13:16  Marine  
  200  13:17  Marauder  
  189  13:23  Thor  
  189  13:24  Widow Mine x2  
  196  13:33  Marine x5  
  196  13:34  Marauder, Marine  
  200  13:47  Marauder, Marine  
  191  13:49  Marine  
  191  13:52  Ghost, Marauder, Marine x2  
  191  13:54  Marine x2  
  199  14:09  Marauder, Marine  
  166  14:11  Marauder  
  166  14:12  Widow Mine  
  166  14:13  Marauder, Marine x4  
  144  14:17  Marine  
  144  14:19  Marine x2  
  144  14:23  Planetary Fortress  
  145  14:27  Marine  
  136  14:34  Marauder x2, Marine  
  136  14:37  Orbital Command  
  136  14:38  SCV, Missile Turret  
  131  14:40  Medivac  
  131  14:44  Medivac  
  136  14:53  Marauder x2, Marine  
  136  14:54  Marine  
  136  14:55  Marauder  
  136  14:57  Marine  
  145  15:04  Marine x3  
  145  15:07  Marine  
  144  15:09  Marine  
  144  15:10  Medivac  
  144  15:13  Marine  
  126  15:17  Marauder, Marine x2  
  92  15:25  Marine  
  92  15:26  Marine x2  
Show
View Real Time Build Order
Export as new Build Order

Demi Zerg - Winner!

Build Orders: Hatch First, Muta Ling Bane 

Get SALT Encoding   

  12  0:00  Drone  
  13  0:12  Overlord  
  13  0:16  Drone  
  14  0:30  Drone x2  
  16  0:47  Hatchery  
  15  0:51  Drone  
  15  0:54  Drone  
  17  0:58  Drone  
  18  1:09  Extractor  
  17  1:13  Spawning Pool  
  17  1:16  Drone  
  17  1:19  Drone  
  18  1:28  Drone  
  19  1:38  Drone  
  20  1:50  Overlord  
  20  1:59  Queen  
  20  2:00  Queen  
  20  2:01  Zergling x4  
  26  2:10  Drone  
  26  2:12  Drone  
  28  2:19  Metabolic Boost  
  28  2:22  Drone x2  
  29  2:33  Overlord, Drone  
  29  2:36  Queen  
  32  2:46  Drone x2  
  34  2:58  Hatchery  
  34  3:03  Pneumatized Carapace  
  34  3:04  Drone  
  34  3:05  Drone  
  34  3:08  Drone  
  36  3:13  Drone x2  
  36  3:18  Drone x2  
  40  3:21  Overlord  
  40  3:30  Drone x2  
  40  3:31  Queen  
  44  3:41  Drone  
  44  3:42  Drone  
  46  3:51  Drone  
  46  3:52  Drone x5  
  52  4:05  Overlord x3  
  52  4:09  Queen  
  52  4:10  Baneling Nest  
  52  4:11  Overlord, Queen  
  52  4:14  Zergling x4  
  57  4:18  Drone  
  57  4:19  Spore Crawler  
  57  4:23  Drone  
  57  4:24  Drone x3  
  61  4:34  Drone x2  
  61  4:35  Zergling x2  
  61  4:36  Zergling x2  
  65  4:40  Spore Crawler  
  65  4:43  Lair, Extractor  
  65  4:44  Extractor  
  65  4:45  Drone x4  
  63  4:48  Drone x2  
  68  4:56  Drone  
  68  4:57  Drone x5  
  74  5:01  Drone  
  75  5:08  Zergling x6  
  78  5:19  Drone x4  
  78  5:20  Drone  
  79  5:28  Drone x4  
  81  5:37  Overlord x2  
  81  5:38  Extractor  
  81  5:39  Evolution Chamber  
  81  5:40  Evolution Chamber  
  78  5:46  Centrifical Hooks  
  78  5:51  Evolution Chamber x2  
  78  5:54  Drone x7  
  78  5:55  Extractor  
  78  5:56  Extractor  
  81  5:58  Hatchery  
  81  6:03  Drone x2  
  84  6:06  Drone  
  84  6:07  Drone x3  
  88  6:14  Drone x3  
  91  6:18  Zergling x2  
  91  6:19  Zergling x6  
  91  6:20  Baneling x4  
  95  6:26  Zerg Melee Weapons Level 1, Zerg Ground Armor Level 1  
  95  6:27  Overlord x3  
  95  6:33  Spire  
  94  6:40  Zergling x8  
  98  6:47  Zergling x12  
  98  6:53  Zergling x2  
  105  6:57  Baneling x8  
  105  6:58  Zergling x8  
  108  7:05  Zergling x16  
  116  7:12  Zergling x6  
  119  7:17  Zergling x2  
  119  7:25  Baneling x2  
  119  7:26  Baneling x11  
  119  7:27  Zergling x2  
  116  7:37  Zergling x8  
  116  7:42  Zergling x12  
  119  7:46  Overlord x2  
  119  7:47  Overlord x3  
  98  7:55  Mutalisk x7  
  98  7:56  Mutalisk x2  
  98  7:57  Overseer  
  115  7:58  Zerg Flyer Weapons Level 1  
  113  8:06  Overseer  
  113  8:14  Mutalisk x2  
  113  8:17  Drone x4  
  113  8:18  Drone x4  
  113  8:19  Extractor  
  124  8:20  Extractor  
  124  8:23  Hatchery  
  124  8:25  Queen  
  124  8:27  Zerg Ground Armor Level 2  
  124  8:30  Zergling x8  
  126  8:38  Zergling x12  
  130  8:44  Drone x2  
  130  8:46  Baneling x5  
  132  8:50  Drone x2  
  132  8:52  Zerg Melee Weapons Level 2  
  134  9:03  Mutalisk x4  
  134  9:07  Zergling x20  
  152  9:12  Overlord x2  
  152  9:23  Drone x3  
  152  9:24  Drone x4  
  158  9:27  Hatchery  
  158  9:37  Mutalisk x4  
  158  9:38  Mutalisk x3  
  167  9:42  Drone x2  
  167  9:44  Infestation Pit, Drone  
  169  9:49  Baneling  
  169  9:50  Spore Crawler, Baneling x6  
  168  10:01  Zergling x12  
  168  10:02  Zergling x4  
  168  10:04  Overlord x5  
  175  10:26  Zergling x30  
  189  10:28  Hive  
  187  10:36  Zerg Flyer Weapons Level 2  
  187  10:41  Queen  
  189  10:45  Zergling x20  
  199  10:57  Baneling x2  
  199  10:58  Baneling x18  
  199  11:08  Spore Crawler  
  198  11:17  Baneling x5  
  198  11:18  Baneling x11  
  198  11:20  Baneling x7  
  180  11:54  Zergling x2  
  180  11:55  Zergling x40  
  195  12:01  Zerg Melee Weapons Level 3, Zerg Ground Armor Level 3  
  195  12:06  Ultralisk Cavern  
  192  12:26  Mutalisk x4  
  196  12:31  Overseer x2  
  196  12:38  Drone x3  
  196  12:39  Extractor  
  196  12:40  Extractor  
  197  12:54  Chitinous Plating  
  197  12:59  Baneling x12  
  197  13:00  Baneling  
  197  13:02  Hatchery  
  196  13:06  Spore Crawler  
  192  13:28  Ultralisk  
  192  13:29  Baneling x11  
  194  13:37  Ultralisk  
  194  13:39  Baneling x10  
  198  13:47  Zergling x2, Ultralisk x2  
  175  14:13  Anabolic Synthesis  
  175  14:15  Zergling x4, Ultralisk x3  
  175  14:16  Zergling x34  
  197  14:22  Spawning Pool  
  189  14:26  Zergling x2  
  189  14:27  Zergling x18  
  196  14:38  Queen  
  197  14:46  Overseer x2  
  197  14:48  Baneling x21  
  197  14:49  Baneling x3  
  197  15:07  Queen  
  188  15:16  Zergling x6  
Tags
 
Add a new tag
Caveats
  • Supply blocks, unpowered buildings, or Contaminate may cause inaccurate times.
  • Supply counts are checked every 10 seconds.